 Dungeon Crawl Stone Soup version 0.31-a0-360-gb3e1d13bf4 (webtiles) character file.

Game seed: 6795848635034761953

366 CraigForest the Ruffian (level 6, 0/59 HPs)
             Began as a Troll Fighter on July 27, 2023.
             Slain by a wight
             ... wielding a +0 long sword
              (9 damage)
             ... on level 5 of the Dungeon.
             The game lasted 00:13:38 (1943 turns).

CraigForest the Ruffian (Troll Fighter)             Turns: 1943, Time: 00:13:39

Health: 0/59       AC:  8    Str: 27    XL:     6   Next: 40%
Magic:  4/4        EV: 19    Int:  4    God:
Gold:   79         SH:  0    Dex:  9    Spells: 4/5 levels left

rFire   + +          .
                       - Unarmed
rCold   + + .        b - melded +0 kite shield
rNeg    + + +        a - melded +0 robe
rPois   ∞            (helmet currently unavailable)
rElec   +            (cloak currently unavailable)
rCorr   +            (gloves unavailable)
SInv    .            (boots unavailable)
Will    .....        (amulet currently unavailable)
Stlth   +            (ring currently unavailable)
HPRegen 1.09/turn    (ring currently unavailable)
MPRegen 0.09/turn

%: no passive effects
@: mighty, wisp-form (expiring), flying
A: insubstantial, flying, no casting, tiny, unfitting armour, (claws 3),
regeneration 1, (shaggy fur 2), (tough skin 1), low MP 1
a: no special abilities


You were on level 5 of the Dungeon.
You were an insubstantial wisp.
You visited 1 branch of the dungeon, and saw 6 of its levels.

You collected 79 gold pieces.

Inventory:

Hand Weapons
 p - a +0 flail
 u - a +2 hand axe of flaming
Missiles
 o - a throwing net
 q - a boomerang
Armour
 a - a +0 robe (melded)
 b - a +0 kite shield (melded)
Wands
 n - a wand of paralysis (8)
 s - a wand of acid (4)
Scrolls
 d - 2 scrolls of enchant weapon {unknown}
 f - 2 scrolls of fear {unknown}
 g - 3 scrolls of identify {unknown}
 h - a scroll of revelation {unknown}
 i - a scroll of immolation {unknown}
 l - a scroll of fog {unknown}
 t - a scroll of blinking {unknown}
Potions
 c - 2 potions of might
 e - a potion of lignification {unknown}
 j - a potion of heal wounds {unknown}
 k - 4 potions of curing {unknown}
 m - a potion of haste {unknown}
 r - 2 potions of mutation
 v - 2 potions of degeneration {unknown}


   Skills:
 + Level 2.8 Fighting
 + Level 3.1 Dodging
 + Level 3.8 Shields
 + Level 4.4 Unarmed Combat
 * Level 2.2 Shapeshifting


You had 4 spell levels left.
You knew the following spells:

 Your Spells              Type           Power      Damage    Failure   Level
a - Sandblast             Erth           0%         2d4       50%         1

Your spell library contained the following spells:

 Spells                   Type           Power      Damage    Failure   Level
 Magic Dart               Conj           0%         1d3       50%         1
 Summon Small Mammal      Summ           0%         N/A       50%         1
 Call Imp                 Summ           0%         N/A       65%         2
 Ensorcelled Hibernation  Hex/Ice        0%         N/A       65%         2
 Passwall                 Tmut/Erth      0%         N/A       65%         2
 Call Canine Familiar     Summ           0%         N/A       86%         3
 Mephitic Cloud           Conj/Pois/Air  0%         N/A       86%         3
 Stone Arrow              Conj/Erth      0%         3d7       86%         3
 Summon Guardian Golem    Hex/Summ       0%         N/A       86%         3
 Swiftness                Air            0%         N/A       86%         3


Dungeon Overview and Level Annotations

Branches:
Dungeon (6/15)
 Temple: D:4-7

Altars:
Cheibriados

Shops:
D:3 ::[[

Annotations:
D:6 Eustachio


Innate Abilities, Weirdness & Mutations

You are an insubstantial wisp.
Your tiny insubstantial body is highly resistant to most damage types.
You are flying.
Your equipment is entirely melded.
You are incapable of wielding weapons or throwing items.
You cannot cast spells.
You are too large for most types of armour.
((You have claws for hands.))
Your natural rate of healing is unusually fast.
((You are covered in thick fur. (AC +2)))
((You have tough skin. (AC +1)))
Your magical capacity is low. (-10% MP)


Message History

The puff of frost hits you. You resist. The wight hits you with a +0 battleaxe!
The wight closely misses you. The ice beast misses you.
The wight hits you from afar with a +0 spear.
You feel very mighty all of a sudden. The adder closely misses you.
The white imp gestures at you. The puff of frost hits you. You resist.
The wight closely misses you. x2
The ice beast barely misses you. The wight hits you but does no damage.
The adder completely misses you.
You touch the white imp.
You kill the white imp!
The wight closely misses you.
The wight hits you with a +0 long sword.
* * * LOW HITPOINT WARNING * * *
The ice beast barely misses you. The adder misses you.
The wight completely misses you. The wight attacks as you move away!
The wight hits you with a +0 long sword.
* * * LOW HITPOINT WARNING * * *
The adder barely misses you. The ice beast closely misses you.
There is a stone staircase leading up here.
The adder bites you but does no damage. The gnoll closely misses you.
The wight barely misses you. The wight completely misses you.
The ice beast misses you. The wight barely misses you.
You fly upwards.
Your transformation is almost over.
There is a stone staircase leading down here.
It was a potion of mutation.
You feel extremely strange.
You feel less energetic.
Your fur grows into a thick mane.
The adder closely misses you.
The wight hits you with a +0 long sword.
* * * LOW HITPOINT WARNING * * *
The wight completely misses you. The ice beast closely misses you.
The adder misses you.
You closely miss the ice beast. The adder closely misses you.
The wight completely misses you. The wight barely misses you.
The ice beast closely misses you.
You closely miss the ice beast. The adder bites you but does no damage.
The wight hits you with a +0 long sword!
You die...

##############.
.....gzSz......
#vY......
#####.... .


You could see an ice beast, 2 wights, a gnoll and an adder.

Vanquished Creatures
  Sigmund (D:2)
  Jessica (D:2)
  An orc wizard (D:6)
  6 adders
  A white imp (D:6)
  A worm (D:3)
  2 dart slugs
  3 orcs
  5 endoplasms
  3 giant cockroaches
  7 goblins
  8 hobgoblins
  3 jackals (D:1)
  3 quokkas
  4 ball pythons
  6 bats
  9 frilled lizards
  7 kobolds
  5 rats
76 creatures vanquished.

Notes
Turn   | Place    | Note
-------+----------+-------------------------------------------
     0 | D:1      | CraigForest the Troll Fighter began the quest for the Orb.
     0 | D:1      | Reached XP level 1. HP: 22/22 MP: 0/0
    26 | D:1      | Reached XP level 2. HP: 29/29 MP: 1/1
    74 | D:1      | Learned a level 1 spell: Sandblast
   287 | D:1      | Reached XP level 3. HP: 36/36 MP: 2/2
   517 | D:2      | Reached skill level 1 in Shapeshifting
   690 | D:2      | Noticed Jessica
   696 | D:2      | Killed Jessica
   697 | D:2      | Reached XP level 4. HP: 34/44 MP: 3/3
   757 | D:2      | Reached skill level 3 in Unarmed Combat
   763 | D:2      | Noticed Sigmund
   788 | D:2      | Killed Sigmund
   789 | D:2      | Reached skill level 4 in Unarmed Combat
   789 | D:2      | Reached XP level 5. HP: 29/50 MP: 4/4
   789 | D:2      | Reached XP level 6. HP: 34/59 MP: 5/5
   977 | D:3      | Found Cocosuc's Armour Shop.
   999 | D:3      | Found Duif Uxo's Book Shop.
  1171 | D:3      | Found Mesel's Antique Armour Shop.
  1285 | D:3      | Found Teiliywk's Book Emporium.
  1565 | D:3      | Found a snail-covered altar of Cheibriados.
  1909 | D:4      | You fall into a shaft and drop 2 floors!
  1911 | D:6      | Noticed a yak
  1921 | D:6      | Noticed Eustachio
  1925 | D:6      | Noticed an ice beast
  1940 | D:5      | Entered Level 5 of the Dungeon
  1941 | D:5      | Gained mutation: Your magical capacity is low. (-10% MP)
                  | [potion of mutation]
  1941 | D:5      | Gained mutation: You are covered in thick fur. (AC +2)
                  | [potion of mutation]
  1943 | D:5      | Slain by a wight

Illustrated notes

Levels and vault maps discovered:
D:1:      scummos_arrival_forest, layout_basic
D:2:      layout_basic, hangedman_abyss_or_decor_lesser_grid, uniq_jessica,
          uniq_sigmund
D:3:      layout_basic, cheibrodos_worm_habitat, serial_shops,
          nicolae_shop_statue_plus, shop, nicolae_book_shop_shelving, shop,
          roderic_roman_lattice
D:4:      layout_loops_cross, serial_shops, nicolae_shop_back_alley_shop,
          amethyst_killhole
D:5:      layout_basic, gammafunk_ghost_nasty_kobolds, serial_shops, shop
D:6:      layout_rooms, mainiacjoe_overflow_brackets, minmay_temple_entry_hall,
          serial_shops, shop, st_stairs_6, kb_rosetta, uniq_eustachio

Skill      XL: |  1  2  3  4 |
---------------+-------------+-----
Shields        | 3 |  3.8
Shapeshifting  | 1 2 |  2.2
Unarmed Combat | 4 |  4.4
Dodging        | 3 |  3.1
Fighting       | |  2.8

Action                     |  1- 3 |  4- 6 || total
---------------------------+-------+-------++-------
  Melee: Unarmed           |   106 |   111 ||   217
    Use: Potion            |       |     2 ||     2
 Armour: Robe              |    26 |    26 ||    52
         Skin              |       |     4 ||     4
  Dodge: Dodged            |    35 |    78 ||   113
  Block: Kite shield       |    45 |    38 ||    83

Table legend: (Time is in decaauts)
 A = Elapsed time spent in this place.
 B = Non-inter-level travel time spent in this place.
 C = Inter-level travel time spent in this place.
 D = Time resting spent in this place.
 E = Time spent auto-exploring this place.
 F = Levels seen in this place.
 G = Mean time per level.
                   A        B        C        D        E       F      G
               +--------+--------+--------+--------+--------+-----+--------+
         Total |   1953 |   1559 |    394 |      0 |   1023 |   6 |  325.5 |
       Dungeon |   1953 |   1559 |    394 |      0 |   1023 |   6 |  325.5 |
               +--------+--------+--------+--------+--------+-----+--------+

Top non-repeatable levels by time:
     D:3: 874 daAuts
     D:2: 522 daAuts
     D:1: 464 daAuts
     D:4: 60 daAuts
     D:6: 30 daAuts
     D:5: 2 daAuts
